Match 46736734
Unlisted

Match 46736734
End
Selects Special Operations Battlegroup
Selects M29 Weasel Recon Vehicle
M29 Weasel Recon Vehicle
Construct Weapon Support Center
M1919 Machine Gun Team
M1919 Machine Gun Team
Construct Medical Station
Infantry Support Center
M1919 Machine Gun Team
Construct Medical Station
M3 Armored Personnel Carrier
M3 Armored Personnel Carrier
Engineer Squad
M3 Armored Personnel Carrier
Selects Raiding Flares
Selects SSF Commando Squad
AI Takeover
Bego
aSIIDemolitionHammer
Exerate
thekaelz
0
0

Comments sign in to comment!

No comments posted yet!